 Dungeon Crawl Stone Soup version 0.19.3 (webtiles) character file.

326 ImaNewbie the Twirler (level 6, -7/35 HPs)
             Began as a Gargoyle Gladiator on Jan 22, 2017.
             Mangled by a hornet (9 damage)
             ... on level 4 of the Dungeon.
             The game lasted 00:05:15 (3771 turns).

ImaNewbie the Twirler (Gargoyle Gladiator)          Turns: 3771, Time: 00:05:16

Health: -7/35      AC: 11    Str: 20    XL:     6   Next: 49%
Magic:  0/6        EV: 11    Int:  9    God:
Gold:   120        SH:  0    Dex: 10    Spells: 0 memorised, 5 levels left

rFire  . . .     SeeInvis .     a - +0 quarterstaff
rCold  . . .     Gourm    .     x - +0 ring mail
rNeg   + . .     Faith    .     (shield currently unavailable)
rPois  ∞         Spirit   +     n - +0 helmet
rElec  +         Reflect  .     w - +0 cloak
rCorr  .         Harm     .     (no gloves)
MR     .....                    (no boots)
Stlth  ..........               y - amulet of guardian spirit
                                (no ring)
                                (no ring)

@: no status effects
A: negative energy resistance 1, electricity resistance, unbreathing,
petrification resistance, rot immunity, AC +4
a: no special abilities


You were on level 4 of the Dungeon.
You were hungry.

You visited 1 branch of the dungeon, and saw 4 of its levels.

You collected 120 gold pieces.

Inventory:

Hand Weapons
 a - a +0 quarterstaff (weapon)
Missiles
 d - 3 throwing nets (quivered)
Armour
 n - a +0 helmet (worn)
 w - a +0 cloak (worn)
 x - a +0 ring mail (worn)
Jewellery
 y - an amulet of guardian spirit (around neck)
Scrolls
 g - a scroll of enchant weapon {unknown}
 l - a scroll of random uselessness {unknown}
 p - 2 scrolls of amnesia
Potions
 f - 4 potions of curing
 i - a potion of mutation {unknown}
 j - a potion of flight {unknown}
 o - a potion of invisibility {unknown}
 q - a potion of magic {unknown}
 s - a potion of might {unknown}
 t - a potion of haste {unknown}
 v - a potion of resistance {unknown}
 A - 2 potions of agility
 C - a potion of degeneration {unknown}
Comestibles
 e - 3 bread rations
 h - 2 meat rations
 k - 10 chunks of flesh
 m - a royal jelly
 z - 2 fruits
 B - a beef jerky


   Skills:
 - Level 2.1 Fighting
 + Level 7.1 Staves
 - Level 1.7 Throwing
 - Level 2.4 Dodging


You had 5 spell levels left.
You didn't know any spells.

Dungeon Overview and Level Annotations

Branches:
Dungeon (4/15)
 Temple: D:4-7

Altars:
Ashenzari
Nemelex Xobeh
Okawaru
Yredelemnul

Annotations:
D:4 Aramant's ghost, amateur DrAK


Innate Abilities, Weirdness & Mutations

You are resistant to torment.
Your stone body is resilient. (AC +4)
You are immune to poison.
You resist negative energy. (rN+)
You are resistant to electric shocks. (rElec)
You can survive without breathing.
You are immune to petrification.
You are immune to rotting.


Message History

You hit the hornet.
The hornet is heavily wounded.
The hornet stings you! The worker ant closely misses you.
The hornet misses you. The hornet closely misses you.
The worker ant bites you but does no damage.
The hornet stings you!
* * * LOW HITPOINT WARNING * * *
Some of the chunks of flesh in your inventory have rotted away.
You thump the hornet!
The hornet is severely wounded.
The hornet closely misses you. The hornet stings you!
* * * LOW HITPOINT WARNING * * *
You hit the hornet.
The hornet is almost dead.
The hornet closely misses you.
You closely miss the hornet.
The hornet is almost dead.
The hornet stings you!
You die...

......(........####.........##...
.....'..........@ya.......$..+.a.
.g###########.#####.##....####..<
..# b#.#l #.# .#.## ##.. ..#
#.###.# #.# .# .# ##. ..#
≈.≈..≈...#.# .# .# ## +.# ### ###
###.# .. .# # ..# ............#
## # ###


You could see a hornet and a worker ant.

Vanquished Creatures
  A hound (D:4)
  An orc priest (D:3)
  A bullfrog skeleton (D:4)
  An orc wizard (D:3)
  A worker ant (D:3)
  Robin (D:4)
  2 adders
  3 oozes
  An adder skeleton (D:4)
  2 worms (D:2)
  2 leopard geckos
  12 orcs
  7 bats
  2 giant cockroaches
  18 goblins
  13 hobgoblins
  11 jackals
  3 kobolds
  A quokka (D:3)
  3 frilled lizards (D:2)
  A jackal skeleton (D:4)
  11 rats
98 creatures vanquished.

Vanquished Creatures (others)
  An orc wizard (D:3)
  2 fungi (D:4)
3 creatures vanquished.

Grand Total: 101 creatures vanquished

Notes
Turn   | Place    | Note
-------+----------+-------------------------------------------
     0 | D:1      | ImaNewbie the Gargoyle Gladiator began the quest for the Orb.
     0 | D:1      | Reached XP level 1. HP: 12/12 MP: 1/1
   319 | D:1      | Reached XP level 2. HP: 15/17 MP: 2/2
   502 | D:1      | Reached skill level 4 in Staves
   558 | D:1      | Reached XP level 3. HP: 21/21 MP: 3/3
  1194 | D:2      | Reached XP level 4. HP: 26/26 MP: 4/4
  1474 | D:2      | Reached skill level 5 in Staves
  1884 | D:3      | Reached XP level 5. HP: 27/30 MP: 5/5
  2276 | D:3      | Reached skill level 6 in Staves
  2518 | D:3      | Found a shattered altar of Ashenzari.
  2883 | D:3      | Found a sparkling altar of Nemelex Xobeh.
  3060 | D:4      | Reached XP level 6. HP: 27/35 MP: 6/6
  3080 | D:4      | Noticed Aramant's ghost (amateur DrAK)
  3457 | D:4      | Found a basalt altar of Yredelemnul.
  3457 | D:4      | Found an iron altar of Okawaru.
  3573 | D:4      | Noticed Robin
  3595 | D:4      | Reached skill level 7 in Staves
  3622 | D:4      | Killed Robin
  3757 | D:4      | Noticed a hornet
  3769 | D:4      | HP: 1/35 [hornet (8)]
  3771 | D:4      | Mangled by a hornet

Skill      XL: |  1  2  3  4  5  6 |
---------------+-------------------+-----
Staves         | 4 5 6 7 |  7.1
Fighting       | |  2.1
Throwing       | |  1.7
Dodging        | |  2.4

Action                   |  1- 3 |  4- 6 || total
-------------------------+-------+-------++-------
Melee: Quarterstaff      |   106 |   244 ||   350
  Use: Scroll            |       |     8 ||     8
 Stab: Sleeping          |       |     1 ||     1
  Eat: Chunk             |     1 |     8 ||     9
Armor: Leather armour    |    46 |    23 ||    69
       Ring mail         |       |    93 ||    93
Dodge: Dodged            |    73 |   128 ||   201
